 Dungeon Crawl Stone Soup version 0.26-a0-850-g97a50ab700 (webtiles) character file.

Game seed: 16660980100433492166

2445 jestyr24 the Carver (level 9, -5/75 HPs)
             Began as a Minotaur Berserker on Nov 20, 2020.
             Was an Elder of Trog.
             Slain by a two-headed ogre
             ... wielding a +0 giant club
              (8 damage)
             ... on level 6 of the Dungeon on Nov 21, 2020.
             The game lasted 00:30:35 (6620 turns).

jestyr24 the Carver (Minotaur Berserker)            Turns: 6620, Time: 00:30:37

Health: -5/75      AC: 14    Str: 25    XL:     9   Next: 25%
Magic:  8/8        EV: 10    Int:  4    God:    Trog [****..]
Gold:   286        SH:  5    Dex: 10    Spells: 8/8 levels left

rFire    . . .     SeeInvis .   a - +1 falchion
rCold    + . .     Faith    .   (no shield)
rNeg     . . .     Spirit   .   m - +0 chain mail
rPois    .         Reflect  +   (helmet restricted)
rElec    .         Harm     .   p - +2 cloak
rCorr    .         Rampage  .   (no gloves)
MR       .....                  (no boots)
Stlth    ..........             j - amulet of reflection
HPRegen  0.22/turn              g - ring of ice
MPRegen  0.11/turn              t - ring of protection from fire

@: studying Bows
A: retaliatory headbutt, horns 2
a: Berserk, Trog's Hand, Brothers in Arms, Renounce Religion


You were on level 6 of the Dungeon.
You worshipped Trog.
Trog was greatly pleased with you.
You visited 1 branch of the dungeon, and saw 6 of its levels.
You also visited: Sewer.

You collected 286 gold pieces.

Inventory:

Hand Weapons
 a - a +1 falchion (weapon)
 y - a +0 dagger of protection
 G - a +0 shortbow
Missiles
 k - 3 curare-tipped darts
 q - 4 javelins
 r - 5 boomerangs (quivered)
 z - 169 arrows
 F - 16 bolts
Armour
 d - a +1 robe
 m - a +0 chain mail (worn)
 p - a +2 cloak (worn)
 s - a scarf of resistance
 E - a +1 cloak
Jewellery
 g - a ring of ice (left hand)
 h - an uncursed amulet of guardian spirit
 j - an amulet of reflection (around neck)
 t - a ring of protection from fire (right hand)
Scrolls
 e - a scroll of remove curse
 l - 2 scrolls of enchant armour
 n - 3 scrolls of identify
 o - a scroll of vulnerability {unknown}
 x - 2 scrolls of fear
 B - a scroll of teleportation
 C - a scroll of blinking {unknown}
 D - a scroll of random uselessness {unknown}
 H - a scroll of acquirement {unknown}
Potions
 b - 2 potions of cancellation
 c - a potion of haste
 f - a potion of lignification {unknown}
 i - 3 potions of might
 v - a potion of heal wounds {unknown}
 w - 4 potions of curing
 A - a potion of degeneration {unknown}
Books
 u - a manual of Bows


   Skills:
 + Level 6.1 Fighting
 + Level 9.6 Long Blades
 * Level 6.2 Bows
 * Level 8.6 Armour
 + Level 4.2 Dodging
 + Level 2.9 Shields


You had 8 spell levels left.
You didn't know any spells.
Your spell library was empty.

Dungeon Overview and Level Annotations

Branches:
Dungeon (6/15)             Temple (0/1) D:4           Sewer (visited)

Altars:
Dithmenos
Okawaru
Qazlal
Trog
Xom
Zin


Innate Abilities, Weirdness & Mutations

You reflexively headbutt those who attack you in melee.
You have a pair of horns on your head.


Message History

You barely miss the two-headed ogre.
The two-headed ogre is moderately wounded.
You barely miss the two-headed ogre.
The two-headed ogre is moderately wounded.
The two-headed ogre hits you with a +0 giant club!
* * * LOW HITPOINT WARNING * * *
The two-headed ogre hits you with a +0 giant club.
* * * LOW HITPOINT WARNING * * *
You hit the two-headed ogre.
The two-headed ogre is moderately wounded.
The two-headed ogre hits you but does no damage. x2
You barely miss the two-headed ogre. You headbutt the two-headed ogre!
The two-headed ogre is severely wounded.
You hit the two-headed ogre.
Your headbutt misses the two-headed ogre.
The two-headed ogre is severely wounded.
The two-headed ogre hits you with a +0 giant club!
* * * LOW HITPOINT WARNING * * *
The two-headed ogre hits you with a +0 giant club!
You die...

.### #.# ##..
...###.# ##...
.#.....# #..# #
.##....####.##.#
..#...†.##..'.)#
..##...†...)##
...#)†####...###
# ...#..#
#.....#### .#
..##..#
#####.(@O##'##...
..#..##
####(†.....#
.##..# #########
.#...# .....#
....## ###.# #.#
#..


You could see a two-headed ogre.

Vanquished Creatures
  Pikel (D:5)
  A water moccasin (D:5)
  An orc warrior (D:6)
  A phantom (D:4)
  3 centaurs (D:6)
  2 ogres (D:4)
  6 big kobolds (Sewer)
  A bullfrog (D:6)
  2 water moccasin zombies (D:6)
  3 scorpions
  A howler monkey (D:6)
  2 hounds (D:6)
  2 orc priests (D:6)
  Crazy Yiuf (D:5)
  3 worker ants
  A centaur skeleton (D:4)
  An iguana (D:4)
  2 killer bee zombies
  A hound skeleton (D:6)
  3 gnolls (D:3)
  4 adders
  A river rat (Sewer)
  A shadow imp (D:6)
  A white imp (D:4)
  6 oozes
  An adder zombie (D:6)
  3 worms
  A dart slug (D:3)
  6 leopard geckos
  7 orcs
  11 bats
  8 giant cockroaches
  7 hobgoblins
  4 jackals (D:1)
  14 kobolds
  3 quokkas
  4 ball pythons
  9 frilled lizards
  5 goblins
  A jackal zombie (D:5)
  13 rats
148 creatures vanquished.

Notes
Turn   | Place    | Note
-------+----------+-------------------------------------------
     0 | D:1      | jestyr24 the Minotaur Berserker began the quest for the
                  | Orb.
     0 | D:1      | Reached XP level 1. HP: 19/19 MP: 0/0
    64 | D:1      | Reached skill level 4 in Long Blades
    64 | D:1      | Reached XP level 2. HP: 26/27 MP: 1/1
   925 | D:2      | Reached ** piety under Trog
   954 | D:2      | Reached XP level 3. HP: 33/33 MP: 2/2
  1872 | D:3      | Found an iron altar of Okawaru.
  1963 | D:3      | Reached XP level 4. HP: 15/40 MP: 3/3
  2184 | D:3      | Reached skill level 5 in Long Blades
  2802 | D:4      | Reached XP level 5. HP: 47/47 MP: 4/4
  2824 | D:4      | Found a glowing silver altar of Zin.
  2843 | D:4      | Reached *** piety under Trog
  2863 | D:4      | Found a staircase to the Ecumenical Temple.
  2871 | D:4      | Noticed an ogre
  2877 | D:4      | Killed an ogre
  2890 | D:4      | Reached skill level 6 in Long Blades
  2890 | D:4      | Reached XP level 6. HP: 11/53 MP: 5/5
  3135 | D:4      | Reached skill level 5 in Armour
  3170 | D:4      | Reached skill level 5 in Fighting
  3573 | D:4      | Found a stormy altar of Qazlal.
  3783 | D:4      | Reached XP level 7. HP: 61/61 MP: 6/6
  4065 | D:5      | Entered Level 5 of the Dungeon
  4085 | D:5      | Found a shimmering altar of Xom.
  4087 | D:5      | Found a shimmering altar of Xom.
  4087 | D:5      | Found a shimmering altar of Xom.
  4232 | D:5      | Found a glowing drain.
  4256 | Sewer    | Entered a sewer
  4425 | Sewer    | Reached skill level 7 in Long Blades
  4425 | Sewer    | Reached skill level 1 in Bows
  4685 | Sewer    | Reached **** piety under Trog
  4773 | Sewer    | Reached skill level 1 in Shields
  4777 | Sewer    | Reached XP level 8. HP: 69/69 MP: 7/7
  4826 | D:5      | Found a shadowy altar of Dithmenos.
  5156 | D:5      | Noticed Pikel
  5207 | D:5      | Killed Pikel
  5208 | D:5      | Reached skill level 8 in Long Blades
  5329 | D:5      | Found a shimmering altar of Xom.
  5331 | D:5      | Found a shimmering altar of Xom.
  5406 | D:5      | Found a runed translucent door.
  5407 | D:5      | Noticed Crazy Yiuf
  5419 | D:5      | Killed Crazy Yiuf
  5890 | D:5      | Reached skill level 5 in Bows
  5903 | D:5      | Found a bloodstained altar of Trog.
  6031 | D:6      | Reached skill level 9 in Long Blades
  6406 | D:6      | Reached XP level 9. HP: 68/75 MP: 8/8
  6605 | D:6      | Noticed a two-headed ogre
  6620 | D:6      | HP: 3/75 [two-headed ogre/+0 giant club (14)]
  6620 | D:6      | Slain by a two-headed ogre

Illustrated notes

Levels and vault maps discovered:
D:1:      matt_arrival_debris, layout_basic, minmay_split_cup_small
D:2:      layout_basic
D:3:      layout_loops_ring, okawaru_trees_1
D:4:      layout_cave_pools, kennysheep_mini_moat, kennysheep_mini,
          minmay_temple_entry_wispy, minmay_manual_mail
D:5:      layout_loops_ring, lightli_temple_of_fire, xom_redecorated,
          overflow_temple_1_default, portal_sewer_entry_f, uniq_pikel,
          uniq_crazy_yiuf_cottage
D:6:      layout_loops_ring, makhleb_blood_cavern_becter, marbit_many_paths,
          serial_shops, nicolae_shop_window_shopping,
          chequers_serial_rivers_micro_d, minmay_misc_feat_iff,
          minmay_divided_ellipse, uniq_maggie

Skill      XL: |  1  2  3  4  5  6  7  8  9 |
---------------+----------------------------+-----
Fighting       | 4 5 6 |  6.1
Long Blades    | 4 5 6 7 9 |  9.6
Armour         | 3 4 5 6 8 |  8.6
Dodging        | 3 4 |  4.2
Bows           | 3 5 6 |  6.2
Shields        | 1 2 |  2.9

Action                   |  1- 3 |  4- 6 |  7- 9 || total
-------------------------+-------+-------+-------++-------
Melee: Falchion          |   112 |   101 |   277 ||   490
       Headbutt          |    11 |    16 |    63 ||    90
 Fire: Shortbow          |       |       |     8 ||     8
  Use: Scroll            |     6 |       |     3 ||     9
       Potion            |       |     2 |       ||     2
Armor: Animal skin       |     3 |       |       ||     3
       Chain mail        |    40 |    35 |   113 ||   188
       Robe              |     5 |       |       ||     5
Dodge: Dodged            |    67 |    42 |    97 ||   206
Block: Other             |       |     7 |    48 ||    55
       Reflection        |       |       |     3 ||     3
       Rpst.: Falchion   |    15 |    10 |    26 ||    51

Table legend: (Time is in decaauts)
 A = Elapsed time spent in this place.
 B = Non-inter-level travel time spent in this place.
 C = Inter-level travel time spent in this place.
 D = Time resting spent in this place.
 E = Time spent auto-exploring this place.
 F = Levels seen in this place.
 G = Mean time per level.
                   A        B        C        D        E       F      G
               +--------+--------+--------+--------+--------+-----+--------+
         Total |   6731 |   6105 |    626 |    991 |   2960 |   7 |  961.6 |
       Dungeon |   6023 |   5397 |    626 |    991 |   2600 |   6 | 1003.8 |
         Sewer |    707 |    707 |      0 |      0 |    359 |   1 |  707.0 |
               +--------+--------+--------+--------+--------+-----+--------+

Top non-repeatable levels by time:
     D:5: 1427 daAuts
     D:3: 1202 daAuts
     D:4: 1162 daAuts
     D:2: 1033 daAuts
     D:1: 889 daAuts
   Sewer: 707 daAuts
     D:6: 308 daAuts
